 Dungeon Crawl Stone Soup version 0.31-a0-981-geadf994542 (webtiles) character file.

Game seed: 18150648383212113142

224073 FakeRyeBread the Tortoise (level 19, -12/128 HPs)
             Began as a Gargoyle Fighter on Nov 1, 2023.
             Was the Champion of Okawaru.
             Mangled by a merfolk impaler
             ... wielding a +6 trident of venom
              (15 damage)
             ... on level 4 of the Shoals on Nov 2, 2023.
             The game lasted 02:07:51 (32306 turns).

FakeRyeBread the Tortoise (Gargoyle Fighter)       Turns: 32306, Time: 02:07:56

Health: -12/128    AC: 71    Str: 32    XL:     19   Next: 28%
Magic:  25/30      EV: 10    Int: 11    God:    Okawaru [******]
Gold:   1902       SH: 25    Dex: 17    Spells: 18/18 levels left

rFire   + + .        K - +7 eveningstar of the Wilderness {speed, rF+ Will+}
rCold   + . .        U - +2 tower shield {reflect}
rNeg    + + +        Z - +14 crystal plate armour "Kerphiwke" {Str+4}
rPois   ∞            o - +2 helmet
rElec   +            B - +2 cloak {Will+}
rCorr   .            Q - +0 pair of gloves
SInv    .            S - +3 pair of seven-league boots {Rampage+∞}
Will    +++..        k - amulet "Qerrosiv" {rF+ Regen+ Dex+3} Stlth
                     F - ring of the Burning Messenger {rN+ Int+2 Dex+5}
HPRegen 1.21/turn    E - ring "Zammeec" {rC+ rN++}
MPRegen 0.22/turn

%: reflection, rampage+∞
@: heroic, finesse-ful, flying, studying 2 skills
A: sickness immunity, AC +14, big wings, negative energy resistance 1,
electricity resistance, torment resistance 1, petrification resistance
}: 1/15 runes: gossamer
a: Renounce Religion, Heroism, Finesse, Duel


You were on level 4 of the Shoals.
You worshipped Okawaru.
Okawaru was exalted by your worship.
You visited 6 branches of the dungeon, and saw 31 of its levels.
You also visited: Sewer and Ice Cave.

You collected 2977 gold pieces.
You spent 1075 gold pieces at shops.

Inventory:

Hand Weapons
 a - a +1 vampiric flail
 K - the +7 eveningstar of the Wilderness (weapon) {speed, rF+ Will+}
   (Okawaru gifted it to you on level 10 of the Dungeon)

   rF+:       It protects you from fire.
   Will+:     It increases your willpower.
Missiles
 b - 56 boomerangs (quivered)
 j - 3 javelins
 r - 4 throwing nets
 M - 18 silver javelins
Armour
 o - a +2 helmet (worn)
 B - a +2 cloak of willpower (worn)
 Q - a +0 pair of gloves (worn)
 S - the +3 pair of seven-league boots (worn) {Rampage+∞}
   (You found it on level 3 of the Lair of Beasts)

   Rampage+∞: When moving toward enemies, its wearer moves as far as possible,
   alerting their target en route.
 U - a +2 tower shield of reflection (worn)
 W - the +3 buckler of Woruol {Will+ Str+3}
   (You found it on level 11 of the Dungeon)

   Str+3:     It affects your strength (+3).
   Will+:     It increases your willpower.
 Z - the +14 crystal plate armour "Kerphiwke" (worn) {Str+4}
   (Okawaru gifted it to you on level 12 of the Dungeon)

   Str+4:     It affects your strength (+4).
Jewellery
 k - the amulet "Qerrosiv" (around neck) {rF+ Regen+ Dex+3}
   (You found it on level 12 of the Dungeon)

   [amulet of regeneration]

   Dex+3:     It affects your dexterity (+3).
   rF+:       It protects you from fire.
   Regen+:    It increases your rate of health regeneration.
 m - a ring of magical power
 n - a ring of protection from cold
 u - a ring of see invisible
 x - the ring "Joutuudy" {rPois rF- rCorr Int+5}
   (You found it on level 9 of the Dungeon)

   [ring of poison resistance]

   Int+5:     It affects your intelligence (+5).
   rF-:       It makes you vulnerable to fire.
   rPois:     It protects you from poison rCorr: It protects you from acid and
   corrosion.
 E - the ring "Zammeec" (right hand) {rC+ rN++}
   (You found it on level 9 of the Dungeon)

   [ring of protection from cold]

   rC+:       It protects you from cold.
   rN++:      It greatly protects you from negative energy.
 F - the ring of the Burning Messenger (left hand) {rN+ Int+2 Dex+5}
   (You found it on level 9 of the Dungeon)

   [ring of positive energy]

   Int+2:     It affects your intelligence (+2).
   Dex+5:     It affects your dexterity (+5).
   rN+:       It protects you from negative energy.
 G - the amulet of Royalty {Reflect rElec SH+5}
   (You acquired it on level 3 of the Shoals)

   [amulet of reflection]

   Reflect:   It reflects blocked missile attacks.
   rElec:     It insulates you from electricity.
   SH+5:      It affects your SH (+5).
 I - a +4 ring of protection
Wands
 e - a wand of flame (26)
 g - a wand of polymorph (15)
 i - a wand of roots (24)
 z - a wand of acid (15)
 A - a wand of mindburst (10)
 X - a wand of digging (6)
Scrolls
 c - 4 scrolls of fog
 d - 11 scrolls of teleportation
 f - a scroll of silence
 h - 4 scrolls of enchant armour
 l - a scroll of enchant weapon
 q - 7 scrolls of poison
 s - a scroll of brand weapon
 v - a scroll of fear
 y - 23 scrolls of identify
 T - 2 scrolls of revelation
Potions
 p - 2 potions of invisibility
 t - 5 potions of resistance
 w - 7 potions of curing
 C - a potion of haste
 D - 4 potions of enlightenment
 H - 7 potions of mutation
 J - 4 potions of brilliance
 L - a potion of experience
 O - 5 potions of ambrosia
 R - 3 potions of might
 V - 2 potions of cancellation
 Y - 2 potions of lignification


   Skills:
 + Level 17.4(22.4) Fighting
 - Level 16.0(21.0) Maces & Flails
 + Level 10.2(15.2) Throwing
 + Level 17.4(22.4) Armour
 + Level 17.2(22.2) Shields
 - Level 15.0 Invocations


You had 18 spell levels left.
You didn't know any spells.
Your spell library contained the following spells:

 Spells                   Type           Power      Damage    Failure   Level
 Apportation              Tloc           0%         N/A       97%         1
 Freeze                   Ice            0%         1d3       97%         1
 Magic Dart               Conj           0%         1d3       97%         1
 Necrotise                Necr           0%         1d4       97%         1
 Sting                    Tmut/Pois      0%         1d3       97%         1
 Ensorcelled Hibernation  Hex/Ice        0%         N/A       99%         2
 Jinxbite                 Hex            0%         N/A       99%         2
 Passwall                 Tmut/Erth      0%         N/A       99%         2
 Poisonous Vapours        Pois/Air       0%         N/A       99%         2
 Searing Ray              Conj           0%         2d4       99%         2
 Dazzling Flash           Conj/Hex       0%         N/A       100%        3
 Frozen Ramparts          Ice            0%         1d1       100%        3
 Gell's Gravitas          Tloc           0%         N/A       100%        3
 Hailstorm                Conj/Ice       0%         3d3       100%        3
 Inner Flame              Hex/Fire       0%         N/A       100%        3
 Ozocubu's Armour         Ice            0%         N/A       100%        3
 Swiftness                Air            0%         N/A       100%        3
 Teleport Other           Tloc           0%         N/A       100%        3
 Vampiric Draining        Necr           0%         2d6       100%        3
 Anguish                  Hex/Necr       0%         N/A       100%        4
 Flame Wave               Conj/Fire      0%         2d4       100%        4
 Fulminant Prism          Conj/Hex       0%         3d5       100%        4
 Olgreb's Toxic Radiance  Pois           0%         N/A       100%        4
 Sticky Flame             Conj/Fire      0%         2d3       100%        4
 Agony                    Necr           0%         N/A       100%        5
 Alistair's Intoxication  Tmut/Pois      0%         N/A       100%        5
 Metabolic Englaciation   Hex/Ice        0%         N/A       100%        5
 Silence                  Hex/Air        0%         N/A       100%        5
 Conjure Ball Lightning   Conj/Air       0%         3x3d6     100%        6
 Dispersal                Tloc           0%         N/A       100%        6
 Borgnjor's Revivificati  Necr           0%         N/A       100%        8
 Discord                  Hex            0%         N/A       100%        8
 Disjunction              Tloc           0%         N/A       100%        8
 Death's Door             Necr           0%         N/A       100%        9
 Simulacrum               Ice/Necr       Unusable   N/A       N/A         6
 Haunt                    Necr/Summ      Unusable   N/A       N/A         7

Dungeon Overview and Level Annotations

Branches:
Dungeon (15/15)            Temple (1/1) D:5            Lair (5/5) D:10
 Shoals (4/4) Lair:3       Spider (4/4) Lair:2        Slime (0/5) Lair:4
    Orc (2/2) D:11            Elf (0/3) Orc:2        Vaults (0/5) D:14
 Depths (0/4) D:15          Sewer (visited)           IceCv (visited)

Altars:
Ashenzari
Cheibriados
Dithmenos
Elyvilon
Fedhas
Gozag
Hepliaklqana
Kikubaaqudgha
Makhleb
Nemelex Xobeh
Okawaru
Qazlal
Ru
Sif Muna
Trog
Uskayaw
Vehumet
Wu Jian
Xom
Yredelemnul
Zin
The Shining One
Jiyva
Lugonu

Shops:
D:2 (*[   D:4 :(*:   D:13 [   Orc:2 =(::(

Portals:
Abyss: Lair:5

Annotations:
Lair:3 exclusion: 4 oklob plants


Innate Abilities, Weirdness & Mutations

You are immune to sickness and miasma.
Your stone body is resilient. (AC +14)
You are immune to poison.
Your large and strong wings let you fly.
You resist negative energy. (rN+)
You are resistant to electric shocks. (rElec)
You are resistant to unholy torment.
You are immune to petrification.


Message History

The wind drake flaps its wings at you. The air twists around and strikes you!
* * * LOW HITPOINT WARNING * * *
You block the merfolk's attack. The water nymph casts a spell at you.
The water rises up and strikes you.
You puncture the water nymph!
The water nymph is moderately wounded.
The merfolk javelineer hits you but does no damage.
The merfolk javelineer throws a silver javelin.
The silver javelin pierces through you but does no damage.
* * * LOW HITPOINT WARNING * * *
You impale the water nymph!!
The water nymph is almost dead.
You block the merfolk's attack. You block the merfolk impaler's attack.
You impale the water nymph!!
You kill the water nymph!
Okawaru accepts your kill. The wind drake flaps its wings at you.
The air twists around and strikes you.
The merfolk javelineer throws a silver javelin.
The silver javelin pierces through you but does no damage.
* * * LOW HITPOINT WARNING * * *
The merfolk javelineer throws a silver javelin.
The silver javelin pierces through you but does no damage.
* * * LOW HITPOINT WARNING * * *
You block the merfolk's attack. You block the merfolk impaler's attack.
The merfolk javelineer throws a silver javelin.
The silver javelin pierces through you!
* * * LOW HITPOINT WARNING * * *
x2 The merfolk javelineer hits you but does no damage.
You block the merfolk impaler's attack.
You feel better.
The merfolk impaler hits you from afar with a +0 trident of venom!
* * * LOW HITPOINT WARNING * * *
The merfolk hits you but does no damage.
The merfolk javelineer throws a silver javelin.
The silver javelin completely misses you.
The merfolk impaler hits you from afar with a +6 trident of venom!
You die...

≈≈≈≈≈≈≈≈≈≈≈≈≈≈≈≈≈≈≈≈≈≈≈≈≈
≈≈≈≈≈≈≈≈≈≈≈≈≈≈≈≈≈≈≈≈≈≈≈≈≈
≈≈≈≈≈≈≈≈≈≈≈≈≈≈≈≈≈≈≈≈≈≈≈≈≈
≈≈≈≈≈≈≈≈≈≈≈≈≈≈≈≈≈≈≈≈≈≈≈≈≈
≈≈≈≈≈≈≈≈≈≈≈≈≈≈≈≈≈≈≈≈≈≈~≈≈
≈≈≈≈≈≈≈≈≈≈≈≈≈≈≈~~~~≈~~~~~
≈≈≈≈≈≈≈≈≈≈m≈≈≈m~~~P~~~.P~
≈≈≈≈≈≈≈≈k≈m≈≈~~~~~~~)~P~.
≈≈≈≈≈≈≈≈@≈m≈≈~~~~PP~))≈~~
≈≈≈≈≈≈≈≈≈≈m≈≈~~~~~~.~≈≈≈~
≈≈≈≈≈≈≈≈≈≈~~~~.~~~≈≈≈≈≈~
≈≈≈≈≈≈≈≈≈≈~~~~~.P≈≈≈≈≈≈≈~
≈≈≈≈≈≈≈≈≈≈≈~~~~~~~~≈≈≈≈≈≈~
≈≈≈≈≈≈≈≈≈≈≈≈~~..~~~≈≈m≈≈≈≈≈
≈≈≈≈≈≈≈≈≈≈≈≈≈~~~~~~≈≈≈≈≈≈≈≈
≈≈≈≈≈≈≈≈≈≈≈≈≈≈~~~~~~≈≈≈≈≈≈≈
≈≈≈≈≈≈≈≈≈≈≈≈≈≈~~~~~~~~~m≈≈≈


You could see 2 merfolk impalers, 2 merfolk javelineers, a wind drake (repels
missiles) and a merfolk.

Vanquished Creatures
  Gastronok (D:9)
  Polyphemus (Shoals:4)
  Frances (Spider:1)
  The ghost of wireframewife the Placeless Frog, an adept BaIE of Cheibriados (Shoals:3)
  Roxanne (Spider:1)
  4 ghost moths
  6 emperor scorpions (Spider:4)
  An orc warlord (Orc:2)
  A stone giant (D:15)
  3 spark wasps
  The ghost of bakla the Skirmisher, a journeyman MeHu of Okawaru (D:12)
  2 ettins (Orc:1)
  2 merfolk javelineers (Shoals:4)
  5 entropy weavers
  A fire dragon (D:12)
  5 merfolk impalers
  8 hydras
  4 merfolk avatars
  Erica (D:8)
  5 radroaches
  3 ogre magi
  4 catoblepae
  A jorogumo (Spider:4)
  4 merfolk aquamancers
  7 centaur warriors
  20 two-headed ogres
  4 boulder beetles
  4 demonic crawlers
  3 thrashing horrors (Lair:5)
  5 tengu warriors
  3 orc high priests (Orc:2)
  2 death yaks (Shoals:4)
  A deep elf knight (D:14)
  9 skysharks
  2 skeletal warriors
  5 pharaoh ants
  7 sea snakes
  8 orb spiders
  An arcanist (D:14)
  A lindwurm (D:12)
  6 steelbarb worms
  A swamp dragon (shapeshifter) (D:9)
  11 wolf spiders
  3 deep elf pyromancers (D:14)
  19 harpies
  14 manticores
  6 orc knights
  23 ugly things
  3 fauns (Shoals:2)
  8 orc sorcerers
  A salamander (shapeshifter) (Lair:5)
  11 cyclopes
  7 moths of wrath
  9 elephants
  A guardian serpent (Lair:3)
  7 black mambas
  5 torpor snails
  A gargoyle (D:12)
  3 ice statues (IceCv)
  8 water nymphs
  3 unseen horrors
  7 merfolk sirens
  2 centaur skeletons (D:14)
  2 smoke demons (Lair:5)
  4 rime drakes
  13 cane toads
  11 komodo dragons
  2 yaktaurs (D:14)
  An anaconda simulacrum (IceCv)
  2 efreet (D:15)
  A kobold demonologist (D:14)
  A tengu conjurer (D:9)
  28 merfolk
  3 meliai (D:15)
  A queen bee (Lair:3)
  6 trolls
  A hornet (D:9)
  5 polar bears
  6 wind drakes
  23 dream sheep
  18 tarantellas
  3 raiju (Lair:5)
  26 blink frogs
  7 snapping turtles
  8 slime creatures
  A spriggan (Lair:5)
  23 jumping spiders
  Sigmund (D:2)
  A shadow (D:10)
  18 culicivoras
  16 water elementals
  4 wraiths
  2 ynoxinuls (Lair:5)
  84 yaks
  6 wyverns
  Eustachio (D:6)
  13 basilisks
  2 steam dragons
  78 redbacks
  A chaos spawn (Lair:5)
  9 vampire mosquitoes
  The ghost of meiscool the Covered, an amateur GrFi (D:3)
  A large abomination (Lair:5)
  3 wargs
  2 acid dragons
  A hydra simulacrum (IceCv)
  22 water moccasins
  27 orc warriors
  An ice beast (D:6)
  A black bear (Lair:1)
  A sky beast (D:7)
  9 ogres
  4 boggarts (D:15)
  14 centaurs
  6 wolves
  9 small abominations (Lair:5)
  3 phantoms (D:5)
  5 kobold brigands
  14 bullfrogs
  3 gnoll sergeants
  5 scorpions
  A cane toad simulacrum (IceCv)
  3 wights (D:8)
  39 killer bees
  3 elephant simulacra (IceCv)
  2 electric eels (Spider:2)
  3 howler monkeys
  4 jellies (D:9)
  22 orc priests
  6 hounds
  2 sleepcaps
  3 iguanas
  A hell rat (Lair:3)
  20 orc wizards
  2 boggart skeletons (D:14)
  A wolf simulacrum (IceCv)
  Robin (D:3)
  17 gnolls
  4 adders
  A hound simulacrum (D:3)
  2 ufetubi (D:6)
  A worm (D:5)
  An adder simulacrum (D:3)
  3 dart slugs
  52 orcs
  9 ball pythons
  3 bats
  7 endoplasms
  8 giant cockroaches
  17 goblins
  6 hobgoblins
  4 jackals (D:5)
  11 quokkas
  2 ball python simulacra (D:3)
  17 frilled lizards
  A jackal simulacrum (D:3)
  15 kobolds
  5 rats
1170 creatures vanquished.

Vanquished Creatures (others)
  A merfolk aquamancer (Shoals:4)
  2 orc wizards
3 creatures vanquished.

Grand Total: 1173 creatures vanquished

Notes
Turn   | Place    | Note
-------+----------+-------------------------------------------
     0 | D:1      | FakeRyeBread the Gargoyle Fighter began the quest for the
                  | Orb.
     0 | D:1      | Reached XP level 1. HP: 14/14 MP: 1/1
   219 | D:1      | Reached XP level 2. HP: 19/19 MP: 2/2
   618 | D:1      | Reached XP level 3. HP: 23/23 MP: 3/3
   760 | D:2      | Noticed Sigmund
   806 | D:2      | Killed Sigmund
   807 | D:2      | Reached XP level 4. HP: 9/29 MP: 4/4
   807 | D:2      | Reached XP level 5. HP: 10/33 MP: 5/5
  1041 | D:2      | Found Mutujuel's Armour Shoppe.
  1127 | D:2      | Found Jutokh's General Store.
  1154 | D:2      | Found a hide-covered altar of Uskayaw.
  1210 | D:2      | You fall into a shaft and drop 1 floor!
  1378 | D:2      | Found Qopt's Antique Weapon Shoppe.
  1614 | D:3      | Found a runed translucent gate.
  1616 | D:3      | Found a runed translucent gate.
  1616 | D:3      | Found a runed translucent gate.
  1651 | D:3      | Noticed meiscool's ghost (amateur GrFi)
  1679 | D:4      | Found Siphublo's Assorted Antiques.
  1679 | D:4      | Found Kuiwumec's Weapon Boutique.
  1679 | D:4      | Found Arum's Book Boutique.
  1702 | D:3      | Reached XP level 6. HP: 3/38 MP: 6/6
  1710 | D:3      | Killed meiscool's ghost
  2410 | D:3      | Noticed Robin
  2444 | D:3      | Killed Robin
  2824 | D:4      | Reached XP level 7. HP: 44/44 MP: 7/7
  2854 | D:4      | Reached skill level 5 in Maces & Flails
  2963 | D:4      | Found Ascho's Vocational Training.
  2980 | D:4      | Reached skill level 5 in Armour
  2991 | D:4      | Reached skill level 5 in Fighting
  2991 | D:4      | Reached skill level 5 in Shields
  3831 | D:5      | Entered Level 5 of the Dungeon
  3832 | D:5      | Found a staircase to the Ecumenical Temple.
  3841 | Temple   | Entered the Ecumenical Temple
  3844 | Temple   | Became a worshipper of Warmaster Okawaru
  3943 | D:5      | Found a glowing drain.
  3973 | Sewer    | Entered a sewer
  4240 | Sewer    | Reached XP level 8. HP: 47/49 MP: 8/8
  5068 | D:5      | Found a snail-covered altar of Cheibriados.
  5260 | D:5      | Reached * piety under Okawaru
  5942 | D:6      | Reached XP level 9. HP: 51/56 MP: 9/9
  6109 | D:6      | Noticed Eustachio
  6143 | D:6      | Killed Eustachio
  6814 | D:7      | Reached ** piety under Okawaru
  6815 | D:7      | Reached skill level 1 in Invocations
  6907 | D:7      | Killed an unseen horror
  8065 | D:8      | Reached *** piety under Okawaru
  8338 | D:8      | Reached XP level 10. HP: 58/63 MP: 12/12
  8533 | D:8      | Noticed Erica
  8539 | D:8      | Killed Erica
  8997 | D:4      | Bought an embroidered cloak for 195 gold pieces
  9383 | D:9      | Noticed Gastronok
  9428 | D:9      | Killed Gastronok
  9428 | D:9      | Reached **** piety under Okawaru
  9537 | D:9      | Noticed a two-headed ogre
  9742 | D:9      | Killed a two-headed ogre
  9742 | D:9      | Reached ***** piety under Okawaru
  9743 | D:9      | Reached skill level 10 in Maces & Flails
  9963 | D:9      | Found a hide-covered altar of Uskayaw.
 10038 | D:9      | Noticed a six-headed hydra
 10047 | D:9      | Reached XP level 11. HP: 69/69 MP: 14/14
 10050 | D:9      | Noticed a skeletal warrior
 10053 | D:9      | Noticed a cyclops
 10070 | D:9      | Killed a six-headed hydra
 10071 | D:9      | Reached skill level 5 in Invocations
 10076 | D:9      | Noticed a two-headed ogre
 10085 | D:9      | Killed a skeletal warrior
 10104 | D:9      | Received a gift from Okawaru
 10115 | D:9      | Killed a two-headed ogre
 10140 | D:9      | Killed a cyclops
 10143 | D:9      | Noticed a fire crab
 10170 | D:9      | a yaktaur changed into a cyclops
 10170 | D:9      | Noticed a cyclops (shapeshifter)
 10171 | D:9      | a cyclops changed into an orb spider
 10171 | D:9      | Noticed an orb spider (shapeshifter)
 10180 | D:9      | an orb spider changed into a swamp dragon
 10180 | D:9      | Noticed a swamp dragon (shapeshifter)
 10201 | D:9      | Killed a swamp dragon
 10240 | D:9      | Identified the ring "Joutuudy" {rPois rF- rCorr Int+5}
 10243 | D:9      | Identified the ring "Zammeec" {rC+ rN++}
 10254 | D:9      | Identified the ring of the Burning Messenger {rN+ Int+2
                  | Dex+5}
 10259 | D:9      | Identified the amulet "Sooletye" {Regen+ Str+2}
 10317 | D:9      | Found a broken altar of Ashenzari.
 10317 | D:9      | Found a sacrificial altar of Ru.
 10499 | D:9      | Found a viscous altar of Jiyva.
 10506 | D:9      | Received a gift from Okawaru
 10556 | D:9      | Noticed a green ugly thing
 10577 | D:9      | Killed a green ugly thing
 10829 | D:10     | Entered Level 10 of the Dungeon
 10830 | D:10     | Noticed a two-headed ogre
 10845 | D:10     | Killed a two-headed ogre
 11107 | D:10     | Reached skill level 1 in Throwing
 11117 | D:10     | Reached XP level 12. HP: 77/77 MP: 15/15
 11130 | D:10     | Noticed a two-headed ogre
 11147 | D:10     | Killed a two-headed ogre
 11147 | D:10     | Reached ****** piety under Okawaru
 11147 | D:10     | Received a gift from Okawaru
 11152 | D:10     | Acquired the +7 eveningstar of the Wilderness {speed, rF+
                  | Will+}
 11152 | D:10     | Received a gift from Okawaru
 11294 | D:10     | Found a staircase to the Lair.
 11302 | D:10     | Found an ornate altar of the Wu Jian Council.
 11574 | Lair:1   | Entered Level 1 of the Lair of Beasts
 11651 | Lair:1   | Reached skill level 10 in Armour
 11665 | Lair:1   | Reached skill level 10 in Fighting
 11755 | Lair:1   | Received a gift from Okawaru
 11869 | Lair:1   | Reached skill level 10 in Shields
 12760 | Lair:2   | Found a hole to the Spider Nest.
 12843 | Lair:2   | Received a gift from Okawaru
 12844 | Lair:2   | Reached XP level 13. HP: 83/83 MP: 16/16
 13493 | Lair:2   | Received a gift from Okawaru
 14041 | Lair:3   | Reached skill level 5 in Throwing
 14073 | Lair:3   | Received a gift from Okawaru
 14494 | Lair:3   | Received a gift from Okawaru
 14781 | Lair:3   | Gained mutation: Your large and strong wings let you fly.
                  | [Gargoyle growth]
 14781 | Lair:3   | Reached XP level 14. HP: 91/91 MP: 18/18
 14919 | Lair:3   | Found the +3 pair of seven-league boots {Rampage+∞}
 15006 | Lair:3   | Found a staircase to the Shoals.
 15364 | Lair:4   | Received a gift from Okawaru
 15394 | Lair:4   | Found a staircase to the Slime Pits.
 15446 | Lair:4   | Reached skill level 15 in Maces & Flails
 15677 | Lair:4   | Found a frozen archway.
 15686 | IceCv    | Entered an ice cave
 15788 | IceCv    | Received a gift from Okawaru
 16311 | Lair:5   | Entered Level 5 of the Lair of Beasts
 16677 | Lair:5   | Received a gift from Okawaru
 16857 | Lair:5   | Reached XP level 15. HP: 84/97 MP: 20/20
 17479 | Lair:5   | Found a corrupted altar of Lugonu.
 17479 | Lair:5   | Found a one-way gate to the infinite horrors of the Abyss.
 18089 | D:11     | Found a radiant altar of Vehumet.
 18372 | D:11     | Found a staircase to the Orcish Mines.
 18397 | D:11     | Received a gift from Okawaru
 18531 | D:11     | Identified the +3 buckler of Woruol {Will+ Str+3}
 19228 | D:12     | Received a gift from Okawaru
 19307 | D:12     | Found a transporter.
 19312 | D:12     | Noticed bakla's ghost (journeyman MeHu)
 19346 | D:12     | Found a transporter.
 19609 | D:12     | Acquired the +14 crystal plate armour "Kerphiwke" {Str+4}
 19609 | D:12     | Received a gift from Okawaru
 19665 | D:12     | Killed bakla's ghost
 19680 | D:12     | Identified the amulet "Qonwatra" {Faith Rampage Str+2 Int+2
                  | Dex+2}
 19684 | D:12     | Identified the amulet "Qerrosiv" {rF+ Regen+ Dex+3}
 20081 | Orc:1    | Entered Level 1 of the Orcish Mines
 20307 | Orc:2    | Entered Level 2 of the Orcish Mines
 20307 | Orc:2    | Found a staircase to the Elven Halls.
 20383 | Orc:2    | Noticed an orc warlord
 20780 | Orc:2    | Found Yfaenyum's Jewellery Emporium.
 20980 | Orc:2    | Found Wupynlock's Antique Weapon Emporium.
 21014 | Orc:2    | Received a gift from Okawaru
 21046 | Orc:2    | Reached XP level 16. HP: 69/106 MP: 22/22
 21099 | Orc:2    | Found Naucott's Book Boutique.
 21106 | Orc:2    | Found Woivyuweur's Book Boutique.
 21108 | Orc:2    | Found Ungalel's Antique Weapon Emporium.
 21884 | D:4      | Bought a manual of Invocations for 880 gold pieces
 22637 | D:13     | Found Xeugalaon's Armour Shoppe.
 22987 | D:14     | Received a gift from Okawaru
 23205 | D:14     | Found a gate to the Vaults.
 23629 | D:15     | Entered Level 15 of the Dungeon
 23657 | D:15     | Reached skill level 10 in Invocations
 23921 | D:15     | Found a staircase to the Depths.
 23934 | D:15     | Received a gift from Okawaru
 24164 | D:15     | Reached skill level 15 in Fighting
 24198 | D:15     | Reached skill level 15 in Armour
 24435 | D:15     | Reached XP level 17. HP: 103/113 MP: 25/25
 24451 | D:15     | Reached skill level 15 in Shields
 24747 | Spider:1 | Entered Level 1 of the Spider Nest
 24747 | Spider:1 | Noticed Frances
 24797 | Spider:1 | Killed Frances
 24797 | Spider:1 | Received a gift from Okawaru
 25132 | Spider:1 | Noticed Roxanne
 25143 | Spider:1 | Killed Roxanne
 26476 | Spider:2 | Received a gift from Okawaru
 26944 | Spider:3 | Received a gift from Okawaru
 27449 | Spider:4 | Entered Level 4 of the Spider Nest
 27757 | Spider:4 | Received a gift from Okawaru
 27885 | Spider:4 | Reached XP level 18. HP: 91/120 MP: 28/28
 28330 | Spider:4 | Got a gossamer rune of Zot
 28361 | Spider:4 | Received a gift from Okawaru
 28726 | Shoals:1 | Entered Level 1 of the Shoals
 29310 | Shoals:1 | Received a gift from Okawaru
 29592 | Shoals:2 | Reached skill level 15 in Invocations
 29984 | Shoals:2 | Received a gift from Okawaru
 30500 | Shoals:3 | Noticed wireframewife's ghost (adept BaIE)
 30615 | Shoals:3 | Found a runed translucent gate.
 30615 | Shoals:3 | Found a runed translucent gate.
 30663 | Shoals:3 | Found a runed translucent gate.
 30747 | Shoals:3 | Killed wireframewife's ghost
 30772 | Shoals:3 | Reached XP level 19. HP: 115/128 MP: 30/30
 30936 | Shoals:3 | Identified a scroll of acquirement
 30936 | Shoals:3 | Acquired the amulet of Royalty {Reflect rElec SH+5}
 31614 | Shoals:4 | Entered Level 4 of the Shoals
 31906 | Shoals:4 | Received a gift from Okawaru
 32135 | Shoals:4 | Reached skill level 10 in Throwing
 32176 | Shoals:4 | Noticed Polyphemus
 32298 | Shoals:4 | Killed Polyphemus
 32305 | Shoals:4 | HP: 3/128 [merfolk javelineer/silver javelin (5)]
 32306 | Shoals:4 | Mangled by a merfolk impaler

Illustrated notes

Levels and vault maps discovered:
D:1:      minmay_arrival_arboretum_small, layout_loops_ring, minmay_bisected
D:2:      layout_rooms, serial_shops, nicolae_shop_tiny_waterfront, shop, shop,
          basic_altar, uniq_sigmund
D:3:      layout_basic, gammafunk_ghost_icy, uniq_robin
D:4:      layout_basic, serial_corexii_hall, chequers_hall_statues_corner_a,
          corexii_hall_statues_s, nicolae_shop_distant_corner_stores,
          minmay_misc_feat_secret_circle, nicolae_shop_vocational
D:5:      layout_basic, slow_altar_2, minmay_temple_entry_grid,
          portal_sewer_entry_d, minmay_between
D:6:      layout_loops_corners, uniq_eustachio
D:7:      layout_basic, grunt_ministairs_7
D:8:      layout_loops_ring, nrook_mini_backslash, uniq_erica
D:9:      minmay_the_grid_triangle_9x9_recursive_2_mashed
          [minmay_the_grid_triangle_9x9_prize_special,
          minmay_the_grid_triangle_9x9_flanged_cone,
          minmay_the_grid_triangle_9x9_dagger,
          minmay_the_grid_triangle_9x9_impossible_snake], layout_gridville,
          mainiacjoe_overflow_concentric_impassable,
          gammafunk_temple_overflow_wave, jiyva_altar_1, uniq_gastronok
D:10:     layout_rooms, nzn_wu_jian_council_hall, lair_entry_dummy, st_stairs_8
D:11:     layout_roguey, david_orc_3, hangedman_abyss_or_decor_passed,
          minmay_strange_pillars, minmay_variable_closet, vehumet_crystals
D:12:     layout_loops_ring, gammafunk_ghost_berserking_beasts, drop_trap,
          st_stairs_4, hellmonk_talismancer
D:13:     layout_loops_ring, serial_shops, nicolae_square_shop, library_closet,
          corexii_leaking_fountain, minmay_liquid_box
D:14:     layout_basic, hangedman_vaults_entry_quadrant_bands
D:15:     grunt_enter_depths_snipers, layout_irregular_city,
          dreamdust_princess_bridge
Temple:   sentei_temple_godly_chess
Lair:1:   layout_cave_pods
Lair:2:   layout_regular_city, nicolae_spider_entry_lesser_pyramids,
          grunt_megastairs_5
Lair:3:   hangedman_what_comes_after_a, layout_chaotic_city,
          minmay_shoals_entry_hut, hellmonk_guarded_unrand_seven_league_boots
Lair:4:   layout_roguey, slime_entry_1, portal_ice_cave_entry_pillars_1,
          grunt_megastairs_1
Lair:5:   hellmonk_lair_end_abyssal_woods, layout_regular_city
Shoals:1: layout_shoals
Shoals:2: layout_shoals, argonaut_gorgonesque
Shoals:3: layout_shoals, gammafunk_ghost_split
Shoals:4: shoals_end_hangedman, layout_shoals, uniq_polyphemus
Spider:1: layout_chambers, uniq_frances, uniq_roxanne
Spider:2: layout_spider_delve, nicolae_spider_spiderdrome
Spider:3: layout_spider_delve, nicolae_spider_cling_halls
Spider:4: grunt_spider_rune_circles
Orc:1:    layout_diamond_mine, mines1_david
Orc:2:    st_orc_elflike, layout_caves, serial_shops, shop

Skill      XL: |  1  2  3  4  5  6  7  8  9 10 11 12 13 14 15 16 17 18 19 |
---------------+----------------------------------------------------------+-----
Fighting       | 4 5 6 7 8 9 10 11 12 14 15 16 17 | 17.4
Maces & Flails | 3 4 5 7 8 10 11 13 14 15 16 | 16.0
Armour         | 4 5 6 7 8 9 10 11 12 14 15 16 17 | 17.4
Shields        | 4 5 6 7 8 9 10 11 12 13 14 15 16 17 | 17.2
Invocations    | 2 4 5 7 9 11 13 15 | 15.0
Throwing       | 1 3 5 6 8 9 10 | 10.2

Action                     |  1- 3 |  4- 6 |  7- 9 | 10-12 | 13-15 | 16-18 | 19-21 || total
---------------------------+-------+-------+-------+-------+-------+-------+-------++-------
  Melee: Flail             |    83 |   147 |   655 |   441 |       |       |       ||  1326
         Eveningstar       |       |       |       |   212 |  1443 |  1767 |   192 ||  3614
  Throw: Boomerang         |       |       |       |    23 |    10 |       |    10 ||    43
         Javelin           |       |       |       |       |    10 |     7 |       ||    17
 Invoke: Heroism           |       |       |       |     3 |     2 |       |     2 ||     7
         Receive Weapon    |       |       |       |     1 |       |       |       ||     1
         Receive Armour    |       |       |       |       |     1 |       |       ||     1
         Finesse           |       |       |       |       |       |       |     1 ||     1
  Evoke: Wand              |       |       |       |       |     2 |       |       ||     2
    Use: Potion            |     1 |     4 |     2 |     5 |     1 |       |     4 ||    17
         Scroll            |       |     9 |    11 |     5 |     5 |       |     2 ||    32
   Stab: Petrified         |       |       |       |       |       |       |     2 ||     2
         Petrifying        |       |       |       |       |       |       |     1 ||     1
 Armour: Scale mail        |    60 |   154 |   531 |       |       |       |       ||   745
         Plate armour      |       |       |    50 |   444 |   581 |       |       ||  1075
         Crystal plate arm |       |       |       |       |   156 |  1512 |   224 ||  1892
  Dodge: Dodged            |    25 |    88 |   210 |   109 |   238 |   358 |    56 ||  1084
  Block: Buckler           |    20 |    15 |       |       |   128 |   717 |       ||   880
         Kite shield       |       |    42 |   301 |   356 |   493 |       |       ||  1192
         Tower shield      |       |       |       |       |       |   279 |   281 ||   560
         Reflection        |       |       |       |       |       |     2 |    23 ||    25

Table legend: (Time is in decaauts)
 A = Elapsed time spent in this place.
 B = Non-inter-level travel time spent in this place.
 C = Inter-level travel time spent in this place.
 D = Time resting spent in this place.
 E = Time spent auto-exploring this place.
 F = Levels seen in this place.
 G = Mean time per level.
                   A        B        C        D        E       F      G
               +--------+--------+--------+--------+--------+-----+--------+
         Total |  30866 |  24348 |   6518 |   2070 |  14573 |  33 |  935.3 |
       Dungeon |  15828 |  12562 |   3266 |   1441 |   7700 |  15 | 1055.2 |
        Temple |      6 |      2 |      4 |      0 |      0 |   1 |    6.0 |
          Lair |   6020 |   4527 |   1493 |    317 |   2643 |   5 | 1204.0 |
        Shoals |   3240 |   2385 |    855 |    117 |   1390 |   4 |  810.0 |
   Spider Nest |   3487 |   3083 |    404 |    150 |   2076 |   4 |  871.8 |
  Orcish Mines |   1458 |    965 |    493 |     45 |    599 |   2 |  729.0 |
         Sewer |    686 |    686 |      0 |      0 |    164 |   1 |  686.0 |
      Ice Cave |    138 |    138 |      0 |      0 |      0 |   1 |  138.0 |
               +--------+--------+--------+--------+--------+-----+--------+

Top non-repeatable levels by time:
  Lair:3: 1540 daAuts
     D:9: 1451 daAuts
     D:5: 1441 daAuts
     D:7: 1399 daAuts
     D:3: 1350 daAuts
     D:6: 1310 daAuts
     D:4: 1276 daAuts
Shoals:3: 1275 daAuts
Spider:1: 1224 daAuts
  Lair:2: 1203 daAuts
  Lair:5: 1156 daAuts
  Lair:1: 1137 daAuts
    D:12: 991 daAuts
Spider:4: 986 daAuts
  Lair:4: 982 daAuts
